 Dungeon Crawl Stone Soup version 0.24.0-29-g8ce449bc06 (webtiles) character file.

Game seed: 11551582761970336368, levelgen mode: deterministic

713178 pantherbaby the Conqueror (level 27, -8/273 HPs)
             Began as a Minotaur Berserker on Nov 13, 2019.
             Was the Champion of Trog.
             Mangled by a reaper
             ... wielding a +0 vampiric scythe
             ... summoned by a lich
              (26 damage)
             ... on level 1 of the Tomb of the Ancients on Nov 14, 2019.
             The game lasted 05:34:39 (72558 turns).

pantherbaby the Conqueror (Minotaur Berserker)     Turns: 72558, Time: 05:34:39

Health: -8/273     AC: 41    Str: 30    XL:     27
Magic:  19/19      EV: 11    Int: 11    God:    Trog [******]
Gold:   1344       SH:  0    Dex: 16    Spells: 26/26 levels left

rFire    + + .     SeeInvis .   Z - +9 broad axe (flame)
rCold    + . .     Gourm    .   Y - +4 large shield "Irouxidewi" {MR+++ Stlth+}
rNeg     + + +     Faith    .   d - +4 plate armour {rN+}
rPois    +         Spirit   .   W - +2 hat {Int+3}
rElec    +         Reflect  .   U - +3 cloak of the Shrike {+Fly rC+}
rCorr    .         Harm     .   R - +2 pair of gloves {archery}
MR       +++++                  s - +2 pair of boots
Stlth    ..........             I - amulet of regeneration
HPRegen  1.95/turn              L - ring "Toroub" {rElec rPois rF+ rN+}
MPRegen  0.16/turn              M - ring of Ysyek {+Inv rF+ rN+ Dex+3}

@: berserk cooldown, held, regenerating, hasted and slowed
A: retaliatory headbutt, claws 1, horns 2, agile 1, blink, blurry vision 1, low
mp 1, screaming 1, wild magic 1
}: 5/15 runes: decaying, serpentine, slimy, silver, abyssal
a: Blink, Berserk, Trog's Hand, Brothers in Arms, Renounce Religion, Evoke
Invisibility, Evoke Flight


You were on level 1 of the Tomb of the Ancients.
You worshipped Trog.
Trog was exalted by your worship.
You were not hungry.

You visited 12 branches of the dungeon, and saw 54 of its levels.
You visited the Abyss 3 times.
You visited 1 bazaar.
You also visited: Gauntlet, Ice Cave and Wizlab.

You collected 8268 gold pieces.
You spent 6924 gold pieces at shops.

Inventory:

Hand Weapons
 e - a +7 broad axe of freezing
 p - the +8 war axe "Ofehipn" {venom, rF+ SInv}
   (Trog gifted it to you on level 4 of the Vaults)

   It poisons the flesh of those it strikes.
   It protects you from fire.
   It lets you see invisible.
 P - the +8 broad axe of Righteous Anger {drain, rC+ Int+4}
   (You found it on level 3 of the Elven Halls)

   A truly terrible weapon, it drains the life of those it strikes.
   It affects your intelligence (+4).
   It protects you from cold.
 Z - a +9 broad axe of flaming (weapon)
Missiles
 a - 4 throwing nets
 i - 47 silver javelins (quivered)
Armour
 d - a +4 plate armour of positive energy (worn)
 s - a +2 pair of boots (worn)
 R - a +2 pair of gloves of archery (worn)
 U - the +3 cloak of the Shrike (worn) {+Fly rC+}
   (You found it in a Gauntlet)

   It protects you from cold.
   It lets you fly.
 V - a +10 plate armour of magic resistance
 W - a +2 hat of intelligence (worn)
 Y - the +4 large shield "Irouxidewi" (worn) {MR+++ Stlth+}
   (You found it on level 4 of the Swamp)

   It affects your resistance to hostile enchantments.
   It makes you more stealthy.
Jewellery
 b - the ring of the Mage {Wiz MR++ Int+3}
   (You bought it in a shop on level 10 of the Dungeon)

   [ring of wizardry]

   It improves your spell success rate.
   It affects your intelligence (+3).
   It affects your resistance to hostile enchantments.
 v - the ring of Idealism {rF+ rCorr Dex+4}
   (You found it on level 1 of the Vaults)

   [ring of resist corrosion]

   It affects your dexterity (+4).
   It protects you from fire.
   It provides partial protection from all sources of acid and corrosion.
 I - an amulet of regeneration (around neck)
 L - the ring "Toroub" (left hand) {rElec rPois rF+ rN+}
   (You bought it in a shop on level 10 of the Dungeon)

   [ring of protection from fire]

   It protects you from fire.
   It insulates you from electricity.
   It protects you from poison.
   It protects you from negative energy.
 M - the ring of Ysyek (right hand) {+Inv rF+ rN+ Dex+3}
   (You found it on level 5 of the Pits of Slime)

   [ring of positive energy]

   It affects your dexterity (+3).
   It protects you from fire.
   It protects you from negative energy.
   It lets you turn invisible.
Wands
 f - a wand of flame (111)
 g - a wand of iceblast (94)
 j - a wand of disintegration (69)
 x - a wand of acid (34)
 C - a wand of clouds (11)
 G - a wand of digging (22)
Scrolls
 k - 10 scrolls of blinking
 l - 26 scrolls of teleportation
 q - 5 scrolls of immolation
 r - 12 scrolls of fog
 y - 18 scrolls of remove curse
 A - 11 scrolls of identify
 E - 3 scrolls of fear
 F - a scroll of summoning
 H - 2 scrolls of holy word
 J - 3 scrolls of magic mapping
Potions
 h - 7 potions of brilliance
 m - 3 potions of invisibility
 n - 18 potions of curing
 o - 6 potions of haste
 t - 7 potions of ambrosia
 u - a potion of experience
 w - 10 potions of agility
 z - 4 potions of heal wounds
 B - 11 potions of might
 D - 6 potions of cancellation
 K - 4 potions of flight
 N - 3 potions of mutation
 O - 3 potions of resistance
 Q - a potion of lignification
Comestibles
 c - 44 rations


   Skills:
 O Level 27 Fighting
 - Level 20.0 Axes
   Level 0.0(13.5) Maces & Flails
 - Level 16.0 Throwing
 O Level 27 Armour
 + Level 19.4 Dodging
 - Level 0.4 Stealth
 - Level 25.0 Shields


You had 26 spell levels left.
You didn't know any spells.
Your spell library contained the following spells:

 Spells                   Type           Power        Failure   Level  Hunger
 Confusing Touch          Hex            #.....       75%         1    ##.....
 Freeze                   Ice            #...         75%         1    ##.....
 Throw Frost              Conj/Ice       #.....       87%         2    ###....
 Confuse                  Hex            #.......     98%         3    ####...
 Gell's Gravitas          Tloc           #.........   98%         3    ####...
 Ozocubu's Armour         Chrm/Ice       #.......     98%         3    ####...
 Cause Fear               Hex            #.........   100%        4    #####..
 Petrify                  Tmut/Erth      #.......     100%        4    #####..
 Summon Ice Beast         Ice/Summ       #.......     100%        4    #####..
 Throw Icicle             Conj/Ice       #.......     100%        4    #####..
 Metabolic Englaciation   Hex/Ice        #.........   100%        5    ######.
 Silence                  Hex/Air        #.........   100%        5    ######.
 Yara's Violent Unravell  Hex/Tmut       #.........   100%        5    ######.
 Deflect Missiles         Chrm/Air       #.........   100%        6    #######
 Discord                  Hex            #.........   100%        8    #######


Dungeon Overview and Level Annotations

Branches:
Dungeon (15/15)            Temple (0/1) D:6            Lair (6/6) D:10
  Swamp (4/4) Lair:4        Snake (4/4) Lair:2        Slime (5/5) Lair:6
    Orc (2/2) D:12            Elf (3/3) Orc:2        Vaults (5/5) D:14
  Crypt (3/3) Vaults:3       Tomb (1/3) Crypt:3      Depths (5/5) D:15
   Hell (visited)             Zot (0/5) Depths:5      IceCv (visited)
 WizLab (visited)         Gauntlet (visited)
    Dis: Hell:1         Geh: Hell:1         Coc: Hell:1         Tar: Hell:1

Altars:
Ashenzari
Elyvilon
Gozag
Hepliaklqana
Nemelex Xobeh
Sif Muna
Trog
Uskayaw
Xom
Yredelemnul
The Shining One
Beogh
Jiyva

Shops:
D:6 %   D:10 =*=   Orc:1 *   Orc:2 (!*[   Elf:1 :   Snake:1 *(   Snake:3 (
Snake:4 *}(((   Vaults:2 }   Vaults:5 *   Depths:1 }

Portals:
Hell: Depths:1 Depths:2 Depths:3 Depths:4 Depths:5
Abyss: Depths:4
Pandemonium: Depths:3
Ziggurat: Depths:5

Annotations:
Hell Geryon


Innate Abilities, Weirdness & Mutations

You reflexively headbutt those who attack you in melee.
You have a pair of horns on your head.
You have sharp fingernails.
You are agile. (Dex +2)
You can translocate small distances at will.
Scrolls take you a little longer to read.
Your magical capacity is low. (-10% MP)
You occasionally shout uncontrollably at your foes.
Your spells are a little harder to cast, but a little more powerful.


Message History

The reaper hits you but does no damage.
The phantasmal warrior hits you but does no damage.
Okay, then.
Your stone giant goes berserk!
The iron dragon zombie disappears in a puff of smoke!
The mummy disappears in a puff of smoke!
The jiangshi disappears in a puff of smoke!
The red devil closely misses you.
The cacodemon hits you but does no damage. x2
The wolf spider zombie hits you!
* * * LOW HITPOINT WARNING * * *
The wolf spider zombie barely misses you.
The red devil barely misses you.
The lich touches you but does no damage.
The Brimstone Fiend hits you but does no damage.
The Brimstone Fiend closely misses you.
The Brimstone Fiend hits you but does no damage.
The wraith misses you.
The reaper hits you from afar with a +0 vampiric scythe!!
You die...

###............
.........^.....
.........W..§.
############.........§..
...........#....WZMnMW..
...........#....zZ4...Z.
.########..#..WWW244Z...
.#^..#.(#..#..2Z@LWM....
.#.#.#..#..#....1z4.....
.#.#^..##..#....2C......
.#.######..#............
.#.........#............
.###########............
........................
........................
############.......####


You could see a greater mummy, a Brimstone Fiend, a cacodemon, a lich, 2
reapers, a mummy priest, a flayed ghost, 2 phantasmal warriors, a hellwing, a
guardian mummy, a rust devil, a freezing wraith, a spectral minotaur, 2 wraiths,
2 red devils, a necrophage, a shadow, 2 wights, a harpy simulacrum, a shadow
dragon zombie, a wolf spider zombie, a frost giant zombie and a friendly stone
giant (berserk).

Vanquished Creatures
  the Royal Jelly (Slime:5)
  Mara (Snake:3)
  4 ancient liches
  3 juggernauts
  A greater mummy (Tomb:1)
  Saint Roka (Crypt:1)
  Vashnia (Snake:3)
  4 caustic shrikes
  3 golden dragons
  Xtahua (Crypt:1)
  The ghost of Waammiq the Devastator, a veteran GrEE of Lugonu (Crypt:2)
  the Enchantress (Depths:2)
  4 bone dragons
  The ghost of Lianjan the Timeless, an adept GnWr of Cheibriados (Vaults:1)
  4 liches
  Jorgrun (Swamp:2)
  7 tentacled monstrosities
  A quicksilver dragon (Vaults:5)
  5 deep elf blademasters
  12 titans
  Asterion (Depths:2)
  3 deep elf master archers (Elf:3)
  Gastronok (D:10)
  13 sphinxes
  22 acid blobs
  3 tentacled starspawn
  3 storm dragons
  4 ancient champions (Crypt:3)
  2 thorn hunters (Swamp:4)
  4 shadow dragons
  22 azure jellies
  2 revenants
  Roxanne (D:15)
  3 nagarajas
  8 tengu reavers
  13 deep elf sorcerers
  12 fire giants
  10 frost giants
  20 vault wardens
  Louise (D:15)
  3 iron dragons
  3 curse skulls
  Aizul (Swamp:2)
  8 ghouls
  3 war gargoyles (Vaults:5)
  A reaper (Abyss:3)
  21 ironheart preservers
  15 very ugly things
  4 deep elf elementalists (Elf:3)
  2 draconian annihilators (Depths:5)
  4 spriggan defenders
  8 vampire knights
  18 stone giants
  2 green draconians (Depths:5)
  An entropy weaver (Vaults:3)
  5 deep elf demonologists
  Azrael (Snake:3)
  A minotaur (Gauntlet)
  2 purple draconians (Depths:5)
  3 orange crystal statues
  5 spark wasps
  9 deep elf annihilators
  A white draconian (Depths:5)
  4 eidola
  17 ettins
  6 mummy priests
  10 death oozes
  21 yaktaur captains
  A green death (Gauntlet)
  13 fire dragons
  4 jiangshi
  A merfolk impaler (Depths:2)
  7 deep elf death magi
  11 great orbs of eyes
  3 deep elf high priests
  30 vault guards
  22 hydras
  3 catoblepae
  2 rakshasas (Depths:1)
  8 ice dragons
  A shambling mangrove (Swamp:4)
  Harold (Lair:1)
  2 ghost crabs
  15 anacondas
  11 naga warriors
  4 death knights
  3 spriggan air magi
  12 centaur warriors
  20 alligators
  58 two-headed ogres
  31 dancing weapons
  18 ogre magi
  An orc high priest (Vaults:1)
  5 vampire magi
  10 death scarabs (Tomb:1)
  8 deep troll shamans
  12 naga sharpshooters
  8 deep troll earth magi
  6 shock serpents
  A thrashing horror (Abyss:2)
  7 spriggan berserkers
  17 large abominations
  A shock serpent (shapeshifter) (Vaults:5)
  The ghost of Waihalil the Thaumaturge, a novice DgFE (D:11)
  9 tengu warriors
  Sonja (Orc:2)
  10 hell knights (Depths:4)
  28 deep elf knights
  A titan zombie (Crypt:1)
  A wretched star (Abyss:3)
  3 fire crabs (shapeshifter)
  5 shadow wraiths
  A titan skeleton (Crypt:1)
  A salamander mystic (Depths:1)
  A fire crab (D:13)
  A storm dragon zombie (Crypt:2)
  A storm dragon skeleton (Depths:1)
  22 skeletal warriors
  5 soul eaters
  A sixfirhy (Abyss:2)
  A spatial maelstrom (Abyss:3)
  3 iron trolls
  A spark wasp zombie (Crypt:2)
  5 flayed ghosts
  34 starcursed masses (Abyss:3)
  5 spriggan druids
  9 wizards
  2 gelid demonspawn (Depths:3)
  3 unseen horrors
  14 glowing orange brains
  25 deep elf archers
  3 lindwurms
  5 phantasmal warriors
  An anaconda skeleton (Crypt:1)
  16 deep trolls
  A harpy (shapeshifter) (Elf:2)
  7 swamp dragons
  78 deep elf magi
  A mana viper (shapeshifter) (Vaults:5)
  16 ironbrand convokers
  11 naga ritualists
  11 necromancers
  5 wolf spiders
  16 orc knights
  A shining eye (shapeshifter) (D:15)
  41 ugly things
  A fire giant zombie (Depths:1)
  4 cyclopes
  A harpy (Vaults:1)
  13 mana vipers
  14 salamanders
  Maurice (D:10)
  6 shining eyes
  A worldbinder (Abyss:3)
  17 guardian serpents
  3 orc sorcerers
  A salamander (shapeshifter) (Vaults:4)
  A manticore (D:11)
  The ghost of VanClaymore the Insei, a novice OpTm of Uskayaw (D:6)
  2 human skeletons (Vaults:3)
  An ice statue (IceCv)
  4 eyes of devastation
  A stone giant skeleton (Crypt:1)
  42 black mambas
  A fire giant skeleton (Abyss:3)
  3 apocalypse crabs
  5 centaur zombies
  A shock serpent zombie (Tomb:1)
  12 naga magi
  5 spectral swamp worms (Depths:1)
  5 smoke demons
  20 spiny frogs
  15 vault sentinels
  3 gargoyles
  A molten gargoyle (Depths:1)
  A rust devil (Depths:4)
  An orange demon (Gauntlet)
  2 minotaur zombies (Gauntlet)
  A death yak zombie (Crypt:1)
  A yaktaur (shapeshifter) (Depths:1)
  3 yaktaur zombies
  2 kobold demonologists
  6 rime drakes
  16 komodo dragons
  2 swamp worm zombies (Crypt:3)
  19 freezing wraiths
  A komodo dragon (shapeshifter) (Depths:2)
  75 yaktaurs
  5 tengu conjurers
  A pale draconian skeleton (Crypt:1)
  A red draconian skeleton (Crypt:3)
  A yaktaur skeleton (Vaults:3)
  5 efreet
  6 hellwings
  An ancient zyme (Abyss:3)
  14 guardian mummies
  A tormentor (Depths:3)
  A red devil (Depths:3)
  3 meliai (D:14)
  10 trolls
  10 tyrant leeches
  20 hornets
  3 polar bears
  A troll (shapeshifter) (Vaults:3)
  A tyrant leech (shapeshifter) (Elf:3)
  Grinder (D:4)
  9 blink frogs
  A harpy skeleton (Crypt:3)
  A sphinx simulacrum (Vaults:1)
  145 slime creatures
  9 hippogriffs
  A guardian serpent zombie (Crypt:2)
  A spriggan zombie (Depths:1)
  A slime creature (shapeshifter) (Vaults:3)
  6 raiju (Abyss:3)
  11 dream sheep
  11 bog bodies
  6 flying skulls
  A stone giant simulacrum (Vaults:3)
  An ice dragon skeleton (Crypt:3)
  2 spriggans (shapeshifter)
  A fire dragon skeleton (Crypt:1)
  6 shadows
  A tarantella (shapeshifter) (Vaults:5)
  6 air elementals
  5 redbacks
  39 yaks
  16 spriggans
  12 wyverns
  2 ushabtiu (Tomb:1)
  7 wraiths
  A vampire (D:15)
  4 water elementals
  5 hungry ghosts
  8 fire bats
  Grum (D:10)
  A basilisk (D:14)
  5 fire elementals
  18 golden eyes
  A steam dragon (D:13)
  7 neqoxecs (Abyss:3)
  14 vampire mosquitoes
  12 swamp worms
  10 chaos spawn
  A death yak simulacrum (IceCv)
  A deep troll zombie (Vaults:4)
  22 insubstantial wisps
  35 nagas
  8 acid dragons
  4 wargs
  A spatial vortex (Abyss:3)
  3 soldier ants (shapeshifter)
  A tengu zombie (Depths:1)
  28 water moccasins
  2 hell hounds (Snake:3)
  9 small abominations
  4 porcupines
  20 swamp drakes
  A black bear (shapeshifter) (Vaults:4)
  3 ettin simulacra (Depths:3)
  An eye of draining (shapeshifter) (Depths:2)
  A gelid demonspawn skeleton (Crypt:2)
  40 orc warriors
  2 black bears
  14 ice beasts
  8 eyes of draining
  A spiny frog skeleton (Crypt:3)
  A necrophage (D:13)
  5 sky beasts
  20 wolves
  50 ogres
  10 centaurs
  An elephant skeleton (Crypt:1)
  2 dream sheep skeletons
  12 crocodiles
  A fire crab zombie (Crypt:2)
  A hog skeleton (Crypt:2)
  A lindwurm skeleton (Crypt:3)
  3 elf zombies (Elf:1)
  2 big kobolds
  19 bullfrogs
  2 gnoll sergeants (D:7)
  A wyvern zombie (D:13)
  An earth elemental (Elf:2)
  A wyvern skeleton (Crypt:1)
  10 scorpions
  5 killer bees (D:9)
  A human simulacrum (Vaults:3)
  6 howler monkeys
  An electric eel (Lair:4)
  A troll skeleton (Crypt:2)
  7 crimson imps
  9 quasits
  3 bullfrog zombies
  4 centaur skeletons
  4 draconian simulacra (IceCv)
  2 iron imps (Abyss:3)
  4 hounds
  6 jellies
  2 bullfrog skeletons
  21 orc priests
  A basilisk zombie (Crypt:2)
  A demonspawn zombie (Crypt:3)
  35 orc wizards
  4 iguanas
  Terence (D:3)
  A basilisk skeleton (Crypt:3)
  6 worker ants
  2 polar bear simulacra (IceCv)
  A porcupine skeleton (Crypt:2)
  A spriggan simulacrum (IceCv)
  3 troll simulacra (IceCv)
  A wolf simulacrum (IceCv)
  An acid dragon zombie (Crypt:1)
  2 hound zombies
  A hound skeleton (D:10)
  7 mummies (Tomb:1)
  Robin (D:3)
  A howler monkey zombie (D:9)
  2 worker ant zombies
  8 gnolls (D:7)
  A swamp drake zombie (Crypt:1)
  17 adders
  5 naga simulacra (IceCv)
  An ogre simulacrum (IceCv)
  3 shadow imps
  9 white imps
  2 ufetubi
  An ooze (shapeshifter) (Depths:1)
  An ooze (D:1)
  An adder zombie (D:8)
  2 adder skeletons
  2 worms
  A dart slug (D:4)
  8 leopard geckos
  113 orcs
  7 giant cockroaches
  18 goblins
  12 hobgoblins
  6 jackals
  3 quokkas
  A ball python (D:7)
  8 bats
  9 frilled lizards
  A gnoll skeleton (Crypt:3)
  A goblin zombie (Crypt:2)
  A jackal zombie (D:5)
  17 kobolds
  2 leopard gecko skeletons
  8 rats
  5 briar patches (Swamp:4)
  A butterfly (Lair:1)
  3 demonic plants (Gauntlet)
  8 fungi
  11 plants
  A withered plant (Crypt:1)
2735 creatures vanquished.

Vanquished Creatures (collateral kills)
  A golden dragon (Depths:5)
  A bone dragon (Depths:5)
  An acid blob (Slime:5)
  4 nagarajas (Snake:4)
  A vault warden (Vaults:2)
  A draconian scorcher (Depths:5)
  An orc warlord (Vaults:1)
  2 ironheart preservers (Vaults:4)
  A stone giant (Vaults:2)
  A black draconian (Depths:5)
  An anaconda (Snake:4)
  An orc high priest (Vaults:1)
  A naga sharpshooter (Snake:4)
  A spriggan berserker (Depths:5)
  A hell knight (Depths:3)
  2 deep trolls (Vaults:4)
  A flayed ghost (Vaults:4)
  An orc knight (Vaults:1)
  A mana viper (Snake:4)
  A slime creature (Slime:5)
  A deep elf mage (Vaults:4)
  A vault sentinel (Vaults:2)
  A guardian serpent (Snake:4)
  A naga mage (Snake:4)
  A demonic crawler (Abyss:2)
  5 freezing wraiths (IceCv)
  A dream sheep (Lair:6)
  A fire elemental (Abyss:2)
  A large abomination (Abyss:2)
  3 nagas (Snake:4)
  A draconian simulacrum (IceCv)
  2 troll simulacra (IceCv)
  A centaur simulacrum (IceCv)
  2 naga simulacra (IceCv)
  4 white imps (IceCv)
  An orc (Vaults:1)
52 creatures vanquished.

Vanquished Creatures (others)
  2 yaktaur captains
  2 deep elf knights
  An unseen horror (shapeshifter) (Depths:4)
  An ugly thing (Depths:3)
  A small abomination (Elf:3)
  7 yaktaurs
  A slime creature (Depths:4)
  An ogre (Orc:2)
  A crawling corpse (Elf:3)
  A demonic plant (Gauntlet)
  20 fungi
  35 plants
  4 starspawn tentacles (Abyss:2)
  26 withered plants (Crypt:1)
103 creatures vanquished.

Grand Total: 2890 creatures vanquished

Notes
Turn   | Place    | Note
-------+----------+-------------------------------------------
     0 | D:1      | pantherbaby the Minotaur Berserker began the quest for the
                  | Orb.
     0 | D:1      | Reached XP level 1. HP: 19/19 MP: 0/0
   117 | D:1      | Reached XP level 2. HP: 21/27 MP: 1/1
   474 | D:1      | Reached XP level 3. HP: 29/33 MP: 2/2
   486 | D:1      | Reached ** piety under Trog
   939 | D:2      | Reached XP level 4. HP: 41/41 MP: 3/3
  1002 | D:2      | Found a faded altar of an unknown god.
  1006 | D:2      | Reached skill level 5 in Axes
  1281 | D:2      | Reached *** piety under Trog
  1485 | D:3      | Noticed Terence
  1516 | D:3      | Killed Terence
  1516 | D:3      | Reached XP level 5. HP: 32/47 MP: 4/4
  1891 | D:3      | Reached XP level 6. HP: 52/55 MP: 5/5
  1908 | D:3      | Identified the -3 helmet of Logrusyp {MR+ Str+4 Stlth-}
  1908 | D:3      | Noticed Robin
  1920 | D:3      | Killed Robin
  2087 | D:3      | Reached skill level 5 in Fighting
  2175 | D:3      | Noticed an ice beast
  2185 | D:3      | Killed an ice beast
  2650 | D:4      | Reached **** piety under Trog
  2650 | D:4      | Reached XP level 7. HP: 56/61 MP: 6/6
  2798 | D:4      | Found a hide-covered altar of Uskayaw.
  3014 | D:4      | Noticed Grinder
  3028 | D:4      | Killed Grinder
  3398 | D:5      | Entered Level 5 of the Dungeon
  4017 | D:5      | Found a glowing golden altar of the Shining One.
  4018 | D:5      | Found a shimmering altar of Xom.
  4054 | D:5      | Reached XP level 8. HP: 71/71 MP: 7/7
  4450 | D:6      | Found a transporter.
  4457 | D:6      | Reached skill level 5 in Armour
  4457 | D:6      | Reached skill level 5 in Dodging
  4459 | D:6      | Noticed VanClaymore's ghost (novice OpTm)
  4623 | D:6      | Found Atacvogh's Food Shop.
  4879 | D:6      | Received a gift from Trog
  4905 | D:6      | Found a transporter.
  4977 | D:6      | Found a staircase to the Ecumenical Temple.
  5252 | D:7      | Reached XP level 9. HP: 79/79 MP: 3/8
  5416 | D:7      | Found an opulent altar of Gozag.
  5776 | D:7      | Received a gift from Trog
  6012 | D:8      | Noticed a two-headed ogre
  6024 | D:8      | Killed a two-headed ogre
  6024 | D:8      | Reached skill level 10 in Axes
  6167 | D:8      | Found a hazy altar of Hepliaklqana.
  6455 | D:8      | Found a basalt altar of Yredelemnul.
  6496 | D:8      | Reached XP level 10. HP: 91/91 MP: 9/9
  6803 | D:8      | Found a shimmering blue altar of Sif Muna.
  7189 | D:8      | Noticed a centaur warrior
  7209 | D:8      | Killed a centaur warrior
  7251 | D:8      | Identified the Reference Book on Destructive Toxins
  7460 | D:9      | Found a white marble altar of Elyvilon.
  7477 | D:9      | Reached skill level 10 in Fighting
  7852 | D:9      | Found a sparkling altar of Nemelex Xobeh.
  7972 | D:9      | Found a bloodstained altar of Trog.
  8391 | D:10     | Entered Level 10 of the Dungeon
  8394 | D:10     | Reached ***** piety under Trog
  8461 | D:10     | Noticed Grum
  8469 | D:10     | Killed Grum
  8497 | D:10     | Found Qoapehodd's Jewellery Shoppe.
  8712 | D:10     | Noticed Maurice
  8732 | D:10     | Killed Maurice
  8732 | D:10     | Reached XP level 11. HP: 94/101 MP: 8/10
  8748 | D:10     | Found a staircase to the Lair.
  8935 | D:10     | Noticed Gastronok
  8949 | D:10     | Killed Gastronok
  8949 | D:10     | Reached skill level 10 in Armour
  9216 | D:10     | Found Fiegoiru's Jewellery Boutique.
  9417 | D:10     | Found Jazakh's General Store.
  9481 | D:10     | Noticed a tengu warrior
  9489 | D:10     | Killed a tengu warrior
  9620 | D:6      | Killed VanClaymore's ghost
  9764 | D:11     | Found a runed translucent door.
  9764 | D:11     | Found a shimmering altar of Xom.
  9764 | D:11     | Noticed a +0 flail of chaos
  9764 | D:11     | Noticed Waihalil's ghost (novice DgFE)
  9821 | D:11     | Found a frozen archway.
  9833 | IceCv    | Entered an ice cave
 10051 | IceCv    | Reached skill level 1 in Throwing
 10086 | IceCv    | Reached skill level 10 in Dodging
 10166 | IceCv    | Found an ancient bone altar of Kikubaaqudgha.
 10369 | IceCv    | Noticed a necromancer
 10374 | IceCv    | Killed a necromancer
 10374 | IceCv    | Reached XP level 12. HP: 71/110 MP: 6/11
 10602 | D:10     | Bought the ring "Toroub" {rElec rPois rF+ rN+} for 663 gold
                  | pieces
 10665 | D:11     | Killed Waihalil's ghost
 10862 | D:11     | Received a gift from Trog
 11782 | D:12     | Noticed a two-headed ogre
 11785 | D:12     | Killed a two-headed ogre
 11786 | D:12     | Noticed a two-headed ogre
 11794 | D:12     | Killed a two-headed ogre
 12002 | D:12     | Found a staircase to the Orcish Mines.
 12717 | D:13     | Received a gift from Trog
 12718 | D:13     | Reached skill level 15 in Axes
 13149 | D:13     | You fall into a shaft and drop 1 floor!
 13149 | D:14     | Noticed a catoblepas
 13153 | D:14     | Noticed a centaur warrior
 13160 | D:14     | Killed a catoblepas
 13160 | D:14     | Reached XP level 13. HP: 119/119 MP: 7/12
 13167 | D:14     | Reached skill level 5 in Throwing
 13607 | D:13     | Reached ****** piety under Trog
 13607 | D:13     | Received a gift from Trog
 13714 | D:13     | Received a gift from Trog
 14176 | D:14     | Noticed a fire dragon
 14192 | D:14     | Killed a fire dragon
 14414 | D:14     | Found a gate to the Vaults.
 14858 | D:14     | Received a gift from Trog
 15032 | D:15     | Entered Level 15 of the Dungeon
 15095 | D:15     | Noticed Roxanne
 15206 | D:15     | Killed Roxanne
 15255 | D:15     | Found a staircase to the Depths.
 15414 | D:15     | Gained mutation: You have supernaturally acute eyesight.
                  | (SInv) [a shining eye]
 15453 | D:15     | Reached XP level 14. HP: 129/129 MP: 11/13
 15786 | D:15     | Noticed Louise
 15809 | D:15     | Killed Louise
 16243 | D:15     | Got a fine silver amulet
 16558 | Lair:1   | Entered Level 1 of the Lair of Beasts
 16615 | Lair:1   | Received a gift from Trog
 16618 | Lair:1   | Noticed Harold
 16623 | Lair:1   | Killed Harold
 17299 | Lair:2   | Found a staircase to the Snake Pit.
 17375 | Lair:2   | Received a gift from Trog
 17389 | Lair:2   | Found a gate leading to a gauntlet.
 17400 | Gauntlet | Entered a Gauntlet
 17400 | Gauntlet | Found a transporter.
 17400 | Gauntlet | Found a transporter.
 17411 | Gauntlet | Found a transporter.
 17423 | Gauntlet | Found a transporter.
 17437 | Gauntlet | Found a transporter.
 17449 | Gauntlet | Found a transporter.
 17464 | Gauntlet | Found a transporter.
 17470 | Gauntlet | Found a transporter.
 17488 | Gauntlet | Found a transporter.
 17497 | Gauntlet | Found a transporter.
 17519 | Gauntlet | Found a transporter.
 17519 | Gauntlet | Found a transporter.
 17673 | Gauntlet | Got a crude hat
 17685 | Gauntlet | Identified the cursed +0 hat "Vacledgh" {rPois} (You found
                  | it in a Gauntlet)
 17696 | Gauntlet | Cast into level 2 of the Abyss (an apocalypse crab)
 17790 | Abyss:2  | Noticed a tentacled starspawn
 17804 | Abyss:2  | Killed a tentacled starspawn
 17887 | Abyss:2  | Received a gift from Trog
 17892 | Abyss:2  | Identified the amulet of the Pure Tales {Inacc +Fly MP+9
                  | Int+3} (You found it on level 15 of the Dungeon)
 17975 | Abyss:2  | Noticed a tentacled starspawn
 17981 | Abyss:2  | Killed a tentacled starspawn
 17989 | Gauntlet | Escaped the Abyss
 18015 | Gauntlet | Got a polished cloak
 18026 | Gauntlet | Identified the +3 cloak of the Shrike {+Fly rC+} (You found
                  | it in a Gauntlet)
 18388 | Lair:2   | Reached XP level 15. HP: 129/139 MP: 12/14
 19109 | Lair:3   | You fall into a shaft and drop 3 floors!
 19109 | Lair:6   | Entered Level 6 of the Lair of Beasts
 19473 | Lair:6   | Received a gift from Trog
 19476 | Lair:6   | Got a bloodstained battleaxe {god gift}
 19477 | Lair:6   | Identified the +11 battleaxe of Womemeh {freeze, rF+} (Trog
                  | gifted it to you on level 6 of the Lair of Beasts)
 19998 | Lair:6   | Reached skill level 15 in Fighting
 20089 | Lair:6   | Received a gift from Trog
 20351 | Lair:6   | Found a viscous altar of Jiyva.
 20351 | Lair:6   | Found a staircase to the Slime Pits.
 22245 | Lair:4   | Found a staircase to the Swamp.
 22877 | Lair:3   | You fall into a shaft and drop 1 floor!
 23292 | Lair:3   | Reached skill level 15 in Armour
 23300 | Lair:3   | Reached XP level 16. HP: 121/149 MP: 11/15
 23639 | Orc:1    | Entered Level 1 of the Orcish Mines
 23696 | Orc:1    | Found a roughly hewn altar of Beogh.
 23704 | Orc:1    | Received a gift from Trog
 24308 | Orc:2    | Entered Level 2 of the Orcish Mines
 24308 | Orc:2    | Found a staircase to the Elven Halls.
 24308 | Orc:2    | Found a roughly hewn altar of Beogh.
 24409 | Orc:2    | Received a gift from Trog
 24528 | Orc:2    | Found Teorose's Distillery.
 24528 | Orc:2    | Found Tiewojet's Weapon Boutique.
 24536 | Orc:2    | Found Coomibau's Antique Armour Shop.
 24536 | Orc:2    | Found Uralu's Assorted Antiques.
 24553 | Orc:2    | Noticed Sonja
 24570 | Orc:2    | Killed Sonja
 25264 | Orc:1    | Received a gift from Trog
 25352 | Orc:1    | Found Pumoix's Assorted Antiques.
 25372 | Orc:1    | Bought a scroll of identify for 62 gold pieces
 25569 | Orc:2    | Bought a scroll of identify for 66 gold pieces
 25700 | D:10     | Bought a scroll of identify for 28 gold pieces
 25834 | Orc:2    | Bought a fuming brown potion for 29 gold pieces
 25834 | Orc:2    | Bought a sedimented cyan potion for 29 gold pieces
 25844 | Orc:2    | Bought a shiny plate armour for 650 gold pieces
 25861 | Orc:2    | Bought a shimmering chain mail for 237 gold pieces
 25866 | Orc:2    | Identified the +2 chain mail of the Clam {rC++} (You bought
                  | it in a shop on level 2 of the Orcish Mines)
 26081 | Swamp:1  | Entered Level 1 of the Swamp
 26704 | Swamp:1  | Reached skill level 15 in Dodging
 26916 | Swamp:1  | Got a crystal flail
 26917 | Swamp:1  | Identified the cursed +0 flail "Esips" {crush, rPois MR++
                  | Dex+2} (You found it on level 1 of the Swamp)
 27094 | Swamp:2  | Noticed Aizul
 27107 | Swamp:2  | Killed Aizul
 27553 | Swamp:2  | Noticed Jorgrun
 27562 | Swamp:2  | Killed Jorgrun
 27562 | Swamp:2  | Received a gift from Trog
 28145 | Swamp:3  | Reached XP level 17. HP: 135/160 MP: 16/16
 28621 | Swamp:4  | Entered Level 4 of the Swamp
 28855 | Swamp:4  | Received a gift from Trog
 29039 | Swamp:4  | Got a crude large shield
 29046 | Swamp:4  | Identified the +4 large shield "Irouxidewi" {MR+++ Stlth+}
                  | (You found it on level 4 of the Swamp)
 29446 | Swamp:4  | Got a scorched bone ring
 29448 | Swamp:4  | Identified the cursed ring of Contentment {rN+ Str+4 Int-2
                  | Dex-5} (You found it on level 4 of the Swamp)
 29520 | Swamp:4  | Got a decaying rune of Zot
 29777 | Swamp:4  | Found a shimmering altar of Xom.
 30604 | Depths:1 | Entered Level 1 of the Depths
 30896 | Depths:1 | Received a gift from Trog
 31052 | Depths:1 | Found a shattered altar of Ashenzari.
 31061 | Depths:1 | Found a huge runed gate.
 31061 | Depths:1 | Found a huge runed gate.
 31061 | Depths:1 | Found a huge runed gate.
 31061 | Depths:1 | Found a huge runed gate.
 31061 | Depths:1 | Found a huge runed gate.
 31061 | Depths:1 | Found a huge runed gate.
 31061 | Depths:1 | Found a huge runed gate.
 31061 | Depths:1 | Found a huge runed gate.
 31062 | Depths:1 | Found a huge runed gate.
 31063 | Depths:1 | Found a huge runed gate.
 31171 | Depths:1 | Identified the Catalogue of Lucky Earth
 31195 | Depths:1 | Found a gateway to Hell.
 31330 | Depths:1 | Received a gift from Trog
 31335 | Depths:1 | Reached XP level 18. HP: 110/176 MP: 17/17
 31452 | Depths:1 | Noticed a tentacled monstrosity
 31460 | Depths:1 | Killed a tentacled monstrosity
 31463 | Depths:1 | Found a runed translucent gate.
 31463 | Depths:1 | Found a runed translucent gate.
 31463 | Depths:1 | Found a runed translucent gate.
 31644 | Depths:1 | Found Araudugo's Gadget Shop.
 31662 | Depths:1 | Found a huge runed gate.
 31662 | Depths:1 | Found a huge runed gate.
 31662 | Depths:1 | Found a huge runed gate.
 31662 | Depths:1 | Found a huge runed gate.
 31663 | Depths:1 | Found a huge runed gate.
 31670 | Depths:1 | Found a huge runed gate.
 31671 | Depths:1 | Found a huge runed gate.
 31675 | Depths:1 | Found a huge runed gate.
 31677 | Depths:1 | Found a huge runed gate.
 31677 | Depths:1 | Found a huge runed gate.
 31684 | Depths:1 | Found a huge runed gate.
 31684 | Depths:1 | Found a huge runed gate.
 31684 | Depths:1 | Found a huge runed gate.
 31684 | Depths:1 | Found a huge runed gate.
 31684 | Depths:1 | Found a huge runed gate.
 31684 | Depths:1 | Found a huge runed gate.
 31746 | Depths:1 | Found a huge runed gate.
 31752 | Depths:1 | Found a huge runed gate.
 31753 | Depths:1 | Found a huge runed gate.
 31754 | Depths:1 | Found a huge runed gate.
 31937 | Depths:1 | Found a runed translucent gate.
 31937 | Depths:1 | Found a runed translucent gate.
 31937 | Depths:1 | Found a runed translucent gate.
 31951 | Depths:1 | Identified the cursed +0 short sword "Homapp" {flame, rElec
                  | MP+9}
 31968 | Depths:1 | Received a gift from Trog
 32019 | Depths:1 | Got a twisted double sword
 32020 | Depths:1 | Identified the +5 double sword "Ochanips" {elec, Str+3}
                  | (You found it on level 1 of the Depths)
 32332 | Depths:2 | Noticed the Enchantress
 32601 | Depths:1 | Noticed a tentacled monstrosity
 32601 | Depths:1 | Noticed a juggernaut
 32609 | Depths:1 | Killed a tentacled monstrosity
 32620 | Depths:1 | Received a gift from Trog
 32623 | Depths:1 | Killed a juggernaut
 32884 | Vaults:1 | Entered Level 1 of the Vaults
 33103 | Vaults:1 | Received a gift from Trog
 33210 | Vaults:1 | Found a runed translucent gate.
 33210 | Vaults:1 | Found a runed translucent gate.
 33210 | Vaults:1 | Noticed Lianjan's ghost (adept GnWr)
 33211 | Vaults:1 | Found a runed translucent gate.
 33213 | Vaults:1 | Found a roughly hewn altar of Beogh.
 33247 | Vaults:1 | Received a gift from Trog
 33256 | Vaults:1 | Reached XP level 19. HP: 156/190 MP: 18/18
 33509 | Vaults:1 | Found the +9 heavy crossbow "Sniper" {velocity, Acc+∞ SInv}
 34000 | Vaults:1 | Received a gift from Trog
 34416 | Vaults:1 | Identified a scroll of acquirement
 34418 | Vaults:1 | Got a jewelled shield
 34425 | Vaults:1 | Identified the +5 shield of Calculation {rElec Dex+3 SInv}
                  | (You acquired it on level 1 of the Vaults)
 34599 | Vaults:1 | Killed Lianjan's ghost
 34640 | Vaults:1 | Got a clouded silver ring
 34642 | Vaults:1 | Identified the ring of Idealism {rF+ rCorr Dex+4} (You
                  | found it on level 1 of the Vaults)
 34949 | Vaults:2 | Cast into level 3 of the Abyss (vault warden)
 34953 | Abyss:3  | Found a sacrificial altar of Ru.
 34984 | Abyss:3  | Found a roughly hewn altar of Beogh.
 35254 | Abyss:3  | Lost mutation: You have supernaturally acute eyesight.
                  | (SInv) [potion of mutation]
 35254 | Abyss:3  | Gained mutation: Your spells are a little harder to cast,
                  | but a little more powerful. [potion of mutation]
 35254 | Abyss:3  | Gained mutation: Your muscles are strong. (Str +2) [potion
                  | of mutation]
 35419 | Vaults:2 | Escaped the Abyss
 35467 | Vaults:2 | Received a gift from Trog
 35476 | Vaults:2 | Got a jewelled battleaxe {god gift}
 35493 | Vaults:2 | Identified the +4 battleaxe "Demonslayer" {chop, +Rage MR-
                  | Dex+4} (Trog gifted it to you on level 2 of the Vaults)
 35808 | D:10     | Bought the ring of the Mage {Wiz MR++ Int+3} for 620 gold
                  | pieces
 35808 | D:10     | Found the ring of the Mage {Wiz MR++ Int+3}
 35920 | Snake:1  | Entered Level 1 of the Snake Pit
 36453 | Snake:1  | Found Suzag's General Store.
 36462 | Snake:1  | Found Qyenuo's Antique Weapon Shoppe.
 37572 | Snake:3  | Reached XP level 20. HP: 194/204 MP: 19/19
 37664 | Snake:3  | Noticed Mara
 37671 | Snake:3  | Noticed pantherbaby's illusion
 37679 | Snake:3  | Killed Mara
 37712 | Snake:3  | Noticed Vashnia
 37795 | Snake:3  | Killed Vashnia
 38187 | Snake:3  | Noticed Azrael
 38194 | Snake:3  | Received a gift from Trog
 38197 | Snake:3  | Killed Azrael
 38358 | Snake:3  | Found Viuklox's Antique Weapon Shoppe.
 38799 | Snake:4  | Entered Level 4 of the Snake Pit
 38927 | Snake:4  | Received a gift from Trog
 39144 | Snake:4  | Received a gift from Trog
 39590 | Snake:4  | Found Bidojobeom's Assorted Antiques.
 39593 | Snake:4  | Found Cusmuene's Gadget Emporium.
 39594 | Snake:4  | Found Fasa's Antique Weapon Emporium.
 39594 | Snake:4  | Found Yciuklo's Antique Weapon Emporium.
 39717 | Snake:4  | Received a gift from Trog
 39989 | Snake:4  | Found Vicekhir's Antique Weapon Shoppe.
 40183 | Snake:4  | Received a gift from Trog
 40261 | Snake:4  | Got a serpentine rune of Zot
 40509 | Snake:3  | Bought a runed battleaxe for 399 gold pieces
 41428 | Slime:1  | Entered Level 1 of the Pits of Slime
 41440 | Slime:1  | Reached skill level 1 in Shields
 41448 | Slime:1  | Received a gift from Trog
 41884 | Slime:2  | Reached XP level 21. HP: 213/215 MP: 20/20
 41974 | Slime:2  | Gained mutation: Your magical capacity is low. (-10% MP) [a
                  | shining eye]
 42473 | Slime:1  | Reached skill level 5 in Shields
 43054 | Slime:3  | Reached skill level 10 in Throwing
 43621 | Slime:4  | Received a gift from Trog
 43819 | Slime:4  | Gained mutation: Armour fits poorly on your strangely
                  | shaped body. [a shining eye]
 43936 | Slime:5  | Entered Level 5 of the Pits of Slime
 44311 | Slime:5  | Gained mutation: Your body sometimes deteriorates upon
                  | taking damage. [a shining eye]
 44538 | Slime:5  | Gained mutation: Scrolls take you a little longer to read.
                  | [a shining eye]
 44612 | Slime:5  | Paralysed by a great orb of eyes for 7 turns
 45111 | Slime:5  | Found a viscous altar of Jiyva.
 45145 | Slime:5  | Noticed the Royal Jelly
 45154 | Slime:5  | Killed the Royal Jelly
 45192 | Slime:5  | Lost mutation: Armour fits poorly on your strangely shaped
                  | body. [potion of mutation]
 45192 | Slime:5  | Lost mutation: Scrolls take you a little longer to read.
                  | [potion of mutation]
 45192 | Slime:5  | Lost mutation: Your magical capacity is low. (-10% MP)
                  | [potion of mutation]
 45192 | Slime:5  | Gained mutation: Your spells are harder to cast, but more
                  | powerful. [potion of mutation]
 45192 | Slime:5  | Gained mutation: You have sharp fingernails. [potion of
                  | mutation]
 45192 | Slime:5  | Gained mutation: You can translocate small distances at
                  | will. [potion of mutation]
 45214 | Slime:5  | Lost mutation: You can translocate small distances at will.
                  | [potion of mutation]
 45214 | Slime:5  | Lost mutation: Your muscles are strong. (Str +2) [potion of
                  | mutation]
 45214 | Slime:5  | Lost mutation: You have sharp fingernails. [potion of
                  | mutation]
 45214 | Slime:5  | Lost mutation: Your spells are harder to cast, but more
                  | powerful. [potion of mutation]
 45214 | Slime:5  | Gained mutation: Your spells are harder to cast, but more
                  | powerful. [potion of mutation]
 45214 | Slime:5  | Gained mutation: You have sharp fingernails. [potion of
                  | mutation]
 45214 | Slime:5  | Gained mutation: You are agile. (Dex +2) [potion of
                  | mutation]
 45214 | Slime:5  | Gained mutation: Your muscles are strong. (Str +2) [potion
                  | of mutation]
 45329 | Slime:5  | Got a slimy rune of Zot
 45337 | Slime:5  | Lost mutation: Your muscles are strong. (Str +2) [potion of
                  | mutation]
 45337 | Slime:5  | Lost mutation: Your spells are harder to cast, but more
                  | powerful. [potion of mutation]
 45337 | Slime:5  | Lost mutation: Your body sometimes deteriorates upon taking
                  | damage. [potion of mutation]
 45337 | Slime:5  | Gained mutation: Scrolls take you a little longer to read.
                  | [potion of mutation]
 45337 | Slime:5  | Gained mutation: You can translocate small distances at
                  | will. [potion of mutation]
 45381 | Slime:5  | Got a warped chain mail
 45384 | Slime:5  | Got a pitted copper ring
 45386 | Slime:5  | Got a slimy sapphire amulet
 45408 | Slime:5  | Identified the cursed +1 chain mail of Youthful
                  | Indiscretion {Regen+ Str-2 Dex+6} (You found it on level 5
                  | of the Pits of Slime)
 45409 | Slime:5  | Identified the ring of Ysyek {+Inv rF+ rN+ Dex+3} (You
                  | found it on level 5 of the Pits of Slime)
 45414 | Slime:5  | Identified the amulet "Hylin" {Gourm Dex+5} (You found it
                  | on level 5 of the Pits of Slime)
 46774 | Vaults:2 | Received a gift from Trog
 46966 | Vaults:2 | Reached skill level 10 in Shields
 46973 | Vaults:2 | Received a gift from Trog
 47220 | Vaults:2 | Received a gift from Trog
 47232 | Vaults:2 | Found Jucor's Gadget Shop.
 47850 | Vaults:3 | Reached XP level 22. HP: 228/228 MP: 21/21
 47893 | Vaults:3 | Found a flickering gateway to a bazaar.
 47899 | Bazaar   | Entered a bazaar
 47899 | Bazaar   | Found Tayras's Magic Scroll Shop.
 47899 | Bazaar   | Found Iqomiyd's Magic Scroll Shop.
 47899 | Bazaar   | Found Baahev's Distillery.
 47899 | Bazaar   | Found Ynwiwn's Assorted Antiques.
 47910 | Bazaar   | Bought a scroll of enchant weapon for 45 gold pieces
 47910 | Bazaar   | Bought a scroll of enchant armour for 45 gold pieces
 47912 | Bazaar   | Bought a potion of haste for 60 gold pieces
 47912 | Bazaar   | Bought a potion of haste for 60 gold pieces
 47912 | Bazaar   | Bought a potion of might for 24 gold pieces
 47918 | Bazaar   | Bought a scroll of summoning for 123 gold pieces
 47918 | Bazaar   | Bought a scroll of enchant weapon for 97 gold pieces
 47921 | Bazaar   | Bought a pair of embroidered gloves for 195 gold pieces
 47934 | Bazaar   | Bought a shiny plate armour for 676 gold pieces
 48026 | Vaults:3 | Found a staircase to the Crypt.
 50980 | Vaults:3 | Received a gift from Trog
 51198 | Vaults:4 | Received a gift from Trog
 51202 | Vaults:4 | Got a polished war axe {god gift}
 51203 | Vaults:4 | Identified the +8 war axe "Ofehipn" {venom, rF+ SInv} (Trog
                  | gifted it to you on level 4 of the Vaults)
 51446 | Vaults:4 | Found a magical portal.
 51686 | WizLab   | Found the +9 staff of Wucad Mu {channel}
 51757 | WizLab   | Reached XP level 23. HP: 238/238 MP: 17/22
 52668 | Vaults:4 | Received a gift from Trog
 53197 | Vaults:4 | Reached skill level 27 in Fighting
 53411 | Vaults:5 | Entered Level 5 of the Vaults
 53422 | Vaults:5 | Reached XP level 24. HP: 249/249 MP: 22/22
 53429 | Vaults:5 | Received a gift from Trog
 53430 | Vaults:5 | Reached skill level 15 in Shields
 53978 | Vaults:5 | Got an encrusted scale mail
 53983 | Vaults:5 | Identified the +1 scale mail of Nuwunesk {+Blink MR+ Dex+4
                  | SInv} (You found it on level 5 of the Vaults)
 53999 | Vaults:5 | Identified the Catalogue of Flight and Execration
 54194 | Vaults:5 | Found the +4 skin of Zhor {Hibernate rC+++ SInv}
 54210 | Vaults:5 | Got a glittering jade ring
 54217 | Vaults:5 | Identified the ring "Lew Howk" {+Fly rPois rF+ rC+} (You
                  | found it on level 5 of the Vaults)
 54322 | Vaults:5 | Identified the ring of the Mantidfly {rPois EV+5}
 54512 | Vaults:5 | Noticed an ancient lich
 54518 | Vaults:5 | Killed an ancient lich
 54521 | Vaults:5 | Received a gift from Trog
 54879 | Vaults:5 | Found Eduddo Bewn's General Store.
 54941 | Vaults:5 | Got a silver rune of Zot
 55949 | Depths:2 | Reached XP level 25. HP: 200/257 MP: 22/22
 56048 | Depths:2 | Noticed Asterion
 56057 | Depths:2 | Killed Asterion
 56058 | Depths:2 | Received a gift from Trog
 56172 | Depths:2 | Cast into level 3 of the Abyss (the Enchantress)
 56173 | Abyss:3  | Found a corrupted altar of Lugonu.
 56191 | Abyss:3  | Noticed an ancient lich
 56200 | Abyss:3  | Killed an ancient lich
 56238 | Abyss:3  | Received a gift from Trog
 56386 | Abyss:3  | Gained mutation: Your magical capacity is low. (-10% MP) [a
                  | neqoxec]
 56420 | Abyss:3  | Received a gift from Trog
 56429 | Abyss:3  | Paralysed by accursed screaming for 2 turns
 56437 | Abyss:3  | Paralysed by accursed screaming for 2 turns
 56441 | Abyss:3  | Paralysed by accursed screaming for 2 turns
 56476 | Abyss:3  | Got an abyssal rune of Zot
 56490 | Depths:2 | Escaped the Abyss
 56500 | Depths:2 | Killed the Enchantress
 57076 | Depths:2 | Upgraded the game from 0.24.0-28-g17ded55e90 to
                  | 0.24.0-29-g8ce449bc06
 57249 | Depths:3 | You fall into a shaft and drop 2 floors!
 57249 | Depths:5 | Entered Level 5 of the Depths
 57512 | Depths:4 | Received a gift from Trog
 57578 | Depths:4 | Noticed a juggernaut
 57605 | Depths:3 | Killed a juggernaut
 58173 | Depths:3 | Found a runed translucent door.
 58502 | Depths:3 | Received a gift from Trog
 58621 | Depths:3 | Found a one-way gate leading to the halls of Pandemonium.
 58759 | Depths:3 | Reached XP level 26. HP: 266/266 MP: 19/19
 59016 | Depths:4 | Got a slimy war axe
 59017 | Depths:4 | Identified the cursed +3 war axe of Melee {freeze, rF+}
                  | (You found it on level 4 of the Depths)
 59176 | Depths:4 | Received a gift from Trog
 59268 | Depths:4 | Received a gift from Trog
 59784 | Depths:4 | Received a gift from Trog
 59800 | Depths:4 | Found a one-way gate to the infinite horrors of the Abyss.
 60112 | Depths:4 | Got a translucent long sword
 60116 | Depths:4 | Identified the +5 long sword "Hivenuqi" {drain, rElec rF-
                  | Dex+3} (You found it on level 4 of the Depths)
 60303 | Depths:5 | Found a gate to the Realm of Zot.
 60329 | Depths:5 | Received a gift from Trog
 60511 | Depths:5 | Received a gift from Trog
 60807 | Depths:5 | Noticed a juggernaut
 60820 | Depths:5 | Killed a juggernaut
 60881 | Depths:5 | Found a gateway to a ziggurat.
 61421 | Elf:1    | Entered Level 1 of the Elven Halls
 61754 | Elf:1    | Received a gift from Trog
 61822 | Elf:1    | Identified the Handbook of Unholy Rituals
 61946 | Elf:1    | Found Kufowar's Book Boutique.
 62438 | Elf:2    | Received a gift from Trog
 62682 | Elf:2    | Found a huge runed translucent gate.
 62682 | Elf:2    | Found a huge runed translucent gate.
 62683 | Elf:2    | Found a huge runed translucent gate.
 62684 | Elf:2    | Found a huge runed translucent gate.
 62686 | Elf:2    | Found a huge runed translucent gate.
 62705 | Elf:2    | Received a gift from Trog
 62919 | Elf:2    | Reached XP level 27. HP: 230/273 MP: 19/19
 63234 | Elf:2    | Received a gift from Trog
 63383 | Elf:3    | Entered Level 3 of the Elven Halls
 63417 | Elf:3    | Reached skill level 27 in Armour
 63774 | Elf:3    | Received a gift from Trog
 63792 | Elf:3    | Identified the +4 double sword of Wrongful Imprisonment
                  | {vamp, +Inv rPois}
 63822 | Elf:3    | Identified the cursed +0 scale mail "Vilu Yra" {Str+4
                  | Int+3}
 63822 | Elf:3    | Identified the ring of Warhej {rN+ MP+9 Str+4}
 63826 | Elf:3    | Identified the +8 hand axe of Fragile Peace {antimagic,
                  | MR+}
 63909 | Elf:3    | Found the necklace of Bloodlust {*Rage +Rage MR++ Int-3
                  | Slay+6 *Curse}
 63974 | Elf:3    | Got a shimmering broad axe
 63976 | Elf:3    | Identified the +8 broad axe of Righteous Anger {drain, rC+
                  | Int+4} (You found it on level 3 of the Elven Halls)
 64202 | Elf:3    | Received a gift from Trog
 65197 | Hell     | Entered the Vestibule of Hell
 65197 | Hell     | Noticed Geryon
 65534 | Crypt:1  | Entered Level 1 of the Crypt
 65576 | Crypt:1  | Noticed Saint Roka
 65590 | Crypt:1  | Received a gift from Trog
 65598 | Crypt:1  | Killed Saint Roka
 65846 | Crypt:1  | Noticed Xtahua
 65858 | Crypt:1  | Killed Xtahua
 65858 | Crypt:1  | Reached skill level 15 in Throwing
 66615 | Crypt:2  | Found a runed translucent gate.
 66615 | Crypt:2  | Found a runed translucent gate.
 66617 | Crypt:2  | Found a runed translucent gate.
 66622 | Crypt:2  | Noticed Waammiq's ghost (veteran GrEE)
 66647 | Crypt:2  | Killed Waammiq's ghost
 66647 | Crypt:2  | Received a gift from Trog
 67282 | Crypt:3  | Entered Level 3 of the Crypt
 67377 | Crypt:3  | Received a gift from Trog
 67866 | D:10     | Bought a potion of haste for 140 gold pieces
 67866 | D:10     | Bought 7 silver javelins for 235 gold pieces
 68367 | Orc:1    | Bought a potion of haste for 310 gold pieces
 68367 | Orc:1    | Bought a potion of agility for 124 gold pieces
 68367 | Orc:1    | Bought a potion of might for 124 gold pieces
 68367 | Orc:1    | Bought a potion of agility for 124 gold pieces
 68367 | Orc:1    | Bought a scroll of brand weapon for 620 gold pieces
 68429 | Orc:2    | Bought a potion of curing for 42 gold pieces
 68429 | Orc:2    | Bought a potion of agility for 56 gold pieces
 68429 | Orc:2    | Bought a potion of haste for 140 gold pieces
 68429 | Orc:2    | Bought a potion of agility for 56 gold pieces
 68429 | Orc:2    | Bought a potion of haste for 140 gold pieces
 68434 | Orc:2    | Bought a glowing cloak for 187 gold pieces
 68629 | Snake:1  | Bought a potion of haste for 190 gold pieces
 68629 | Snake:1  | Bought a potion of agility for 76 gold pieces
 69262 | Vaults:5 | Bought a potion of agility for 96 gold pieces
 69713 | Snake:4  | Bought a potion of might for 156 gold pieces
 70620 | Crypt:3  | Found a staircase to the Tomb.
 70693 | Crypt:3  | Found the +0 staff of Battle
 70951 | Crypt:3  | Noticed an ancient lich
 71308 | Crypt:3  | Killed an ancient lich
 71707 | Tomb:1   | Entered Level 1 of the Tomb of the Ancients
 71708 | Tomb:1   | Received a gift from Trog
 72529 | Tomb:1   | Noticed a greater mummy
 72536 | Tomb:1   | Noticed an ancient lich
 72542 | Tomb:1   | Killed a greater mummy
 72542 | Tomb:1   | Noticed a greater mummy
 72548 | Tomb:1   | Killed an ancient lich
 72553 | Tomb:1   | HP: 4/273 [reaper/+3 scythe of freezing[a greater mummy's
                  | death curse] (13)]
 72555 | Tomb:1   | Gained mutation: You occasionally shout uncontrollably at
                  | your foes. [a cacodemon]
 72558 | Tomb:1   | Mangled by a reaper

Levels and vault maps discovered:
D:1:      minmay_arrival_four_houses, layout_loops_ring,
          minmay_indecisive_spiral
D:2:      layout_rooms, chequers_ecumenical_altar_simple_redux, minivault_19
D:3:      cheibrodos_pilgrimage, layout_loops_corners, uniq_terence, uniq_robin
D:4:      layout_cave_pods, lemuel_coloured_pillars_altar, uniq_grinder
D:5:      layout_cave_pods, grunt_temple_overflow_open, first_ration
D:6:      layout_loops_ring, minmay_temple_entry_enclosed_plants, serial_shops,
          shop_statue, gammafunk_ghost_stat_death
D:7:      layout_rooms, nicolae_gozag_cash_rules_everything_around_me
D:8:      minmay_the_grid_four_pointed_star
          [minmay_the_grid_triangle_9x9_odd_lines,
          minmay_the_grid_triangle_9x9_zippers_vertical,
          minmay_the_grid_triangle_9x9_limited_checkers,
          minmay_the_grid_triangle_9x9_checkered,
          minmay_the_grid_prize_shrinking_boxes], layout_basic,
          old_standard_altar, lemuel_doored_altar, marbit_many_paths,
          hangedman_decor_clover_reticule
D:9:      layout_cave_pods, elyvilon_altar_5, old_standard_altar,
          nemelex_lonely_heart_becter
D:10:     layout_roguey, david_lair_shrubbed, serial_shops, nicolae_shop_trees,
          kennysheep_mini, nicolae_shop_window_shopping, grunt_tengu_nest,
          uniq_grum, uniq_gastronok, uniq_maurice
D:11:     layout_roguey, ebering_ghost_xom, portal_ice_cave_entry_pillars_1,
          serial_co_window_serial, co_window_cross_1, co_window_corner_a,
          co_window_paths_a, co_window_corner_a, co_window_corner_a,
          co_window_paths_a, co_window_paths_a, co_window_of_opportunity_b,
          co_window_corner_cb, co_window_broadway_a, co_window_broadway_a,
          glass_columns_a, kennysheep_small_spiral
D:12:     minmay_evil_eye, layout_gridville, hiddenorc2_lemuel
D:13:     layout_layer_cave, small_chamber_with_monster, kennysheep_small_circle
D:14:     layout_stronghold, erik_vaults_1, infiniplex_staircase_zigzag_2
D:15:     grunt_enter_depths_snipers, layout_irregular_city, grunt_ministairs_2,
          st_stairs_9, uniq_louise, uniq_roxanne
Lair:1:   layout_hall_layers, grunt_megastairs_2, lemuel_fruit_fields,
          uniq_harold
Lair:2:   layout_long_grid, guppyfry_snake_entry_island, gauntlet_entry_generic,
          grunt_megastairs_5
Lair:3:   layout_regular_city
Lair:4:   layout_hall_layers, minmay_swamp_entry_worms,
          infiniplex_staircase_pool
Lair:5:   wad_woods_settlement, layout_layer_cave
Lair:6:   guppyfry_lair_end_dragon, layout_small_grid,
          hangedman_lair_tendril_chambers, dpeg_slime_entry_enclosed_altar,
          minivault_26
Swamp:1:  layout_basic_swamp, serial_swamp_ruin, evilmike_swamp_ruin_house_6,
          evilmike_swamp_ruin_house_2, evilmike_swamp_ruin_house_4
Swamp:2:  layout_basic_swamp, nicolae_swamp_very_dense_foliage, uniq_jorgrun,
          uniq_aizul
Swamp:3:  layout_falls_marsh, hangedman_swamp_ruin_wall, swamp_pool4
Swamp:4:  swamp_alternative, layout_basic_swamp, nicolae_swamp_godswood
Snake:1:  layout_layer_cave, minmay_shoptagon
Snake:2:  layout_rooms
Snake:3:  layout_onion_interference, serial_shops, shop, uniq_vashnia,
          uniq_azrael, uniq_mara
Snake:4:  grunt_snake_rune_serpentine_throne, layout_basic, serial_shops,
          nicolae_shop_overgrown_old_shop, minmay_shop_grid_forest,
          serial_bayou_shore_b
Slime:1:  layout_caves
Slime:2:  layout_caves
Slime:3:  layout_caves
Slime:4:  layout_caves, cheibrodos_slime_lost_civilization_5
Slime:5
Orc:1:    layout_caves, serial_shops, nicolae_shop_window_shopping, mines2_david
Orc:2:    st_orc_ogre_mass, layout_caves, basic_altar, uniq_sonja
Elf:1:    eino_elf_arrival_sip, layout_onion_city, serial_shops,
          nicolae_shop_statue_plus, minmay_elf_necromancy
Elf:2:    layout_onion_city
Elf:3:    minmay_elf_hall_statues, layout_loops_cross
Vaults:1: biasface_vaults_ghost_orc_armoury,
          vaults_standard_mumra_enter_the_diamond, ontoclasm_vaults_hangar,
          v_pattern_2, ontoclasm_vaults_misaligned, hangedman_vaults_restitches,
          grunt_vaults_focal, v_misc_22, ontoclasm_vaults_misaligned,
          minmay_guarded_unrand_secular_launcher, nicolae_vaults_little_ls,
          ontoclasm_vaults_loading_screen, layout_vaults_omnibox
Vaults:2: v_misc_27, vaults_room_door_hall, st_squares, vaults_room_octagon,
          v_alt_pattern_3, vaults_dpeg_hooks, nicolae_vaults_angled_halls,
          layout_vaults_chaotic_city, serial_shops, nicolae_shop_stone
Vaults:3: v_pattern_3, nicolae_vaults_puzzle_piece,
          minmay_crypt_entry_nasty_monster, nicolae_vaults_theta,
          hangedman_vaults_corner_blocks, hangedman_vaults_stream,
          vaults_room_fours, nicolae_vaults_network_star, v_misc_17, v_misc_27,
          layout_vaults_omnigrid, serial_shops, bzr_entry_gold
Vaults:4: ontoclasm_vaults_eye, ontoclasm_vaults_water_temple, v_misc_28,
          hangedman_vaults_capsules, grunt_vaults_swirl, hangedman_vaults_snaps,
          v_misc_11, vaults_room_pools, vaults_mumra_chevron,
          vaults_dpeg_encased_lava, ontoclasm_vaults_fault,
          vaults_room_stairs_pillars, layout_vaults_big_cross, mu_enter_wizlab_6
Vaults:5: serial_shops
Crypt:1:  layout_rooms, minigarden_bobbens, uniq_xtahua, uniq_saint_roka
Crypt:2:  layout_basic, gammafunk_ghost_spectres
Crypt:3:  david_glass_crypt, layout_misc_corridors, tomb_entry_sphere_bobbens,
          nicolae_crypt_soggy_tomb
Tomb:1
Depths:1: kennysheep_treasure_stockpile, layout_cave_pools, serial_shops,
          nicolae_shop_waterfront, pf_hell_entry_tar_river,
          nicolae_ashenzari_panopticon, door_vault
Depths:2: hangedman_arch_fort, layout_cave_pools, hangedman_decor_slide_cut,
          pf_coc_iceberg, uniq_asterion, uniq_enchantress
Depths:3: hangedman_elemental_death_ray, layout_gridville, hellmouth_1,
          rand_demon_pan_entry_9, hangedman_decor_peaks_small,
          minmay_hidden_floor, infiniplex_staircase_zigzag_1,
          serial_bayou_shore_b, grunt_megastairs_1
Depths:4: hangedman_cross_cluster, layout_honeycomb, grunt_hell_entry_dis_grunt,
          minmay_room_of_horrors, moated_statue,
          minmay_fractal_squares_diagonal_5
Depths:5: grunt_zot_entry_funnels, layout_basic, enter_ziggurat_e,
          hangedman_abyss_or_decor_stagger, hell_entry
Hell

Skill      XL: |  1  2  3  4  5  6  7  8  9 10 11 12 13 14 15 16 17 18 19 20 21 22 23 24 25 26 27 |
---------------+----------------------------------------------------------------------------------+-----
Axes           | 4 5 6 7 8 9 10 12 13 15 16 18 19 20 | 20.0
Fighting       | 4 5 6 7 9 10 11 12 13 14 15 16 19 21 23 24 25 26 27 | 27.0
Dodging        | 3 4 6 7 9 10 11 12 13 14 15 19 | 19.4
Armour         | 3 4 6 8 9 10 11 12 13 15 16 18 19 20 21 22 24 25 26 27 | 27.0
Throwing       | 2 4 6 7 9 10 16 | 16.0
Shields        | 3 10 13 14 19 22 25 | 25.0
Stealth        | |  0.4

Action                   |  1- 3 |  4- 6 |  7- 9 | 10-12 | 13-15 | 16-18 | 19-21 | 22-24 | 25-27 || total
-------------------------+-------+-------+-------+-------+-------+-------+-------+-------+-------++-------
Melee: Hand axe          |    81 |   175 |   315 |    80 |       |       |       |       |       ||   651
       Headbutt          |    12 |    33 |    61 |    62 |   177 |   171 |   304 |   208 |   526 ||  1554
       Battleaxe         |       |       |       |   407 |   875 |   876 |   714 |       |       ||  2872
       Broad axe         |       |       |       |       |       |       |   497 |   812 |  1809 ||  3118
       War axe           |       |       |       |       |       |       |       |       |    31 ||    31
Throw: Dart              |       |       |       |     2 |       |    14 |       |       |       ||    16
       Javelin           |       |       |       |       |       |       |    30 |       |       ||    30
Invok: Berserk           |       |     3 |     7 |     6 |     3 |     9 |     8 |    10 |    16 ||    62
       Trog's Hand       |       |     1 |     6 |     4 |     6 |    13 |     9 |    11 |    16 ||    66
       Brothers in Arms  |       |       |       |     3 |     2 |     6 |    13 |     5 |     4 ||    33
 Abil: Blink             |       |       |       |       |       |       |     2 |       |       ||     2
       Evoke Flight      |       |       |       |       |       |       |       |       |     1 ||     1
Evoke: Wand              |       |       |       |       |       |       |     4 |       |     2 ||     6
  Use: Scroll            |       |       |    15 |    13 |    11 |    19 |    16 |    11 |    21 ||   106
       Potion            |       |       |     1 |       |       |     1 |     7 |     4 |     9 ||    22
 Stab: Sleeping          |     1 |       |       |       |       |       |       |       |       ||     1
       Distracted        |       |       |       |       |     1 |     1 |     2 |     2 |     3 ||     9
       Confused          |       |       |       |       |       |     4 |       |       |       ||     4
       Invisible         |       |       |       |       |       |       |       |     1 |       ||     1
  Eat: Chunk             |       |     8 |    21 |    17 |    31 |    34 |    19 |    26 |    38 ||   194
       Ration            |       |       |     1 |     4 |     3 |     5 |    13 |     6 |    12 ||    44
Armor: Animal skin       |    14 |       |       |       |       |       |       |       |       ||    14
       Ring mail         |       |    23 |       |    66 |       |       |       |       |       ||    89
       Chain mail        |       |    54 |   122 |       |       |   305 |   131 |       |       ||   612
       Plate armour      |       |       |     7 |   249 |   597 |   246 |   501 |   445 |   583 ||  2628
Dodge: Dodged            |    55 |    97 |   136 |   271 |   491 |   616 |   689 |   364 |   538 ||  3257
       Deflected         |       |     1 |     2 |     6 |       |       |       |       |       ||     9
Block: Buckler           |       |       |       |       |       |       |    75 |       |       ||    75
       Shield            |       |       |       |       |       |       |    34 |   562 |   536 ||  1132
       Reflection        |       |       |       |       |       |       |     1 |    57 |    40 ||    98
       Large shield      |       |       |       |       |       |       |       |       |  1058 ||  1058
